 Dungeon Crawl Stone Soup version 0.24.0-13-gcf9b3192b9 (webtiles) character file.

Game seed: 14933117680662422960, levelgen mode: deterministic

12007 Aviak the Fighter (level 11, -3/73 HPs)
             Began as a Gargoyle Ice Elementalist on Nov 8, 2019.
             Was an Elder of Zin.
             Killed by refrigeration
             ... invoked by Fannar
              (24 damage)
             ... on level 11 of the Dungeon.
             The game lasted 00:26:37 (15240 turns).

Aviak the Fighter (Gargoyle Ice Elementalist)      Turns: 15240, Time: 00:26:38

Health: -3/73      AC: 25    Str: 21    XL:     11   Next: 86%
Magic:  17/17      EV:  6    Int: 17    God:    Zin [****..]
Gold:   290        SH: 10    Dex: 12    Spells: 13/14 levels left

rFire    . . .     SeeInvis .   z - +0 morningstar
rCold    . . .     Gourm    .   o - +0 shield
rNeg     + . .     Faith    .   y - +0 plate armour
rPois    ∞         Spirit   .   (no helmet)
rElec    +         Reflect  +   (no cloak)
rCorr    .         Harm     .   m - +0 pair of gloves
MR       .....                  I - +0 pair of boots
Stlth    ..........             E - +3 amulet of reflection
HPRegen  0.22/turn              H - +3 ring of strength
MPRegen  0.15/turn              (no ring)

@: vitalised, hasted, very quick
A: iridescent scales 1, negative energy resistance 1, electricity resistance,
unbreathing, petrification resistance, rot immunity, AC +8
a: Recite, Vitalisation, Imprison, Donate Gold, Renounce Religion


You were on level 11 of the Dungeon.
You worshipped Zin.
Zin was greatly pleased with you.
You were not hungry.

You visited 2 branches of the dungeon, and saw 12 of its levels.
You visited the Abyss 1 time.
You also visited: Sewer.

You collected 713 gold pieces.
You spent 352 gold pieces at shops.
You donated 71 gold pieces to Zin.

Inventory:

Hand Weapons
 z - a +0 morningstar (weapon)
Armour
 d - a +0 ring mail
 m - a +0 pair of gloves (worn)
 o - a +0 shield (worn)
 y - a +0 plate armour (worn)
 D - the +5 fire dragon scales of Articulation {rElec rF++ rC- rN+ Dex+3, rF++ rC-}
   (You took it off a crimson imp on level 9 of the Dungeon)

   It affects your dexterity (+3).
   It greatly protects you from fire.
   It makes you vulnerable to cold.
   It insulates you from electricity.
   It protects you from negative energy.
 I - a +0 pair of boots (worn)
Jewellery
 e - the ring "Fevveir" {+Fly rN++ Str-5 Int+9 Dex-2}
   (You found it on level 4 of the Dungeon)

   [ring of flight]

   It affects your strength (-5).
   It affects your intelligence (+9).
   It affects your dexterity (-2).
   It greatly protects you from negative energy.
   It lets you fly.
 E - a +3 amulet of reflection (around neck)
 H - a +3 ring of strength (left hand)
 J - an uncursed amulet of harm
Wands
 k - a wand of disintegration (13)
 u - a wand of iceblast (3)
 B - a wand of paralysis (10)
Scrolls
 a - a scroll of vulnerability {!r}
 p - 2 scrolls of enchant armour
 r - 5 scrolls of remove curse
 t - 4 scrolls of teleportation
 w - 2 scrolls of amnesia
 x - 2 scrolls of blinking
 C - a scroll of immolation {unknown}
 F - a scroll of magic mapping {unknown}
 G - a scroll of fear {unknown}
Potions
 c - a potion of curing
 f - 2 potions of haste
 g - 2 potions of brilliance
 i - 2 potions of agility
 l - 2 potions of cancellation
 n - 3 potions of flight
 q - a potion of mutation {!q}
 s - a potion of magic
 v - 3 potions of might
Miscellaneous
 j - a fan of gales (inert)
Comestibles
 b - 15 rations


   Skills:
 + Level 10.7 Fighting
 + Level 9.7 Maces & Flails
 + Level 6.7 Armour
 - Level 6.6 Dodging
 - Level 2.1 Stealth
 + Level 0.3 Shields
 - Level 2.0 Spellcasting
   Level 1.1 Conjurations
 - Level 3.0 Ice Magic
 + Level 8.1 Invocations


You had 13 spell levels left.
You knew the following spells:

 Your Spells              Type           Power        Failure   Level  Hunger
a - Freeze                Ice            ##..         100%        1    #......

Your spell library contained the following spells:

 Spells                   Type           Power        Failure   Level  Hunger
 Animate Skeleton         Necr           N/A          100%        1    #......
 Magic Dart               Conj           #...         100%        1    #......
 Pain                     Necr           #...         100%        1    #......
 Shock                    Conj/Air       #...         100%        1    #......
 Blink                    Tloc           N/A          100%        2    ###....
 Call Imp                 Summ           #.......     100%        2    ###....
 Slow                     Hex            #.......     100%        2    ###....
 Swiftness                Chrm/Air       #.......     100%        2    ###....
 Throw Frost              Conj/Ice       #.....       100%        2    ###....
 Conjure Flame            Conj/Fire      #.......     100%        3    ###....
 Mephitic Cloud           Conj/Pois/Air  #.......     100%        3    ###....
 Ozocubu's Armour         Chrm/Ice       #.......     100%        3    ###....
 Regeneration             Chrm/Necr      #.........   100%        3    ###....
 Static Discharge         Conj/Air       #.......     100%        3    ###....
 Vampiric Draining        Necr           #.........   100%        3    ###....
 Airstrike                Air            #.........   100%        4    #####..
 Animate Dead             Necr           N/A          100%        4    #####..
 Summon Ice Beast         Ice/Summ       #.......     100%        4    #####..
 Throw Icicle             Conj/Ice       #.......     100%        4    #####..
 Lightning Bolt           Conj/Air       #.........   100%        5    ######.


Dungeon Overview and Level Annotations

Branches:
Dungeon (11/15)            Temple (1/1) D:5            Lair (0/6) D:8
  Sewer (visited)
    Orc: D:9-12

Altars:
Ashenzari
Cheibriados
Dithmenos
Elyvilon
Fedhas
Gozag
Hepliaklqana
Kikubaaqudgha
Makhleb
Nemelex Xobeh
Okawaru
Qazlal
Ru
Sif Muna
Trog
Uskayaw
Vehumet
Wu Jian
Xom
Yredelemnul
Zin
The Shining One

Shops:
D:10 !

Annotations:
D:4 2 runed translucent doors
D:6 2 runed translucent doors
D:11 Fannar


Innate Abilities, Weirdness & Mutations

You are resistant to torment.
Your stone body is resilient. (AC +8)
You are immune to poison.
You resist negative energy. (rN+)
You are resistant to electric shocks. (rElec)
You can survive without breathing.
You are immune to petrification.
You are immune to rotting.
You are partially covered in iridescent scales. (AC +2)


Message History

The ice beast barely misses you.
The ice beast hits you but does no damage.
You closely miss Fannar.
Fannar is almost dead. "...and live in order, Zin provideth.
Such is..."
The ice beast hits you but does no damage.
You block Fannar's attack.
The ice beast hits you but does no damage.
You hit Fannar.
Fannar is almost dead.
The ice beast hits you but does no damage.
The ice beast closely misses you.
Your plate armour prevents you from hitting Fannar.
Fannar is almost dead. "...the covenant, and such is the way of things."
You finish reciting Apostates 22:3.
Fannar mumbles some strange words.
Fannar drains the heat from the surrounding environment!
You feel very cold.
You die...

########################
...............†@e......
........####...YYY......
#...|...# #............
#...##..# #..##........
#.>.##..####............
#.......................
.......................[
###........#############
#.##..##.#


You could see Fannar (dazed) and 3 ice beasts.

Vanquished Creatures
  Josephine (D:11)
  A hydra (D:9)
  2 two-headed ogres (D:9)
  Pikel (D:5)
  An ugly thing (D:9)
  A cyclops (D:9)
  A troll (D:10)
  Grinder (D:6)
  Prince Ribbit (D:5)
  A hippogriff (D:9)
  A shadow (D:9)
  Sigmund (D:5)
  5 wraiths (D:10)
  4 yaks (D:9)
  2 wyverns
  2 wargs (D:8)
  4 soldier ants
  3 orc warriors
  An eye of draining (D:11)
  A hornet zombie (D:10)
  2 ice beasts
  A black bear (D:7)
  A sky beast (D:6)
  A necrophage (D:7)
  2 slaves (D:5)
  3 centaurs
  8 ogres
  A crocodile (D:7)
  2 bullfrogs
  2 scorpions
  4 killer bees
  3 wights
  6 howler monkeys
  4 crimson imps
  A bullfrog zombie (D:8)
  A centaur zombie (D:9)
  9 orc priests
  4 jellies
  9 hounds
  11 orc wizards
  Jessica (D:3)
  4 iguanas
  Ijyb (D:3)
  12 worker ants
  2 hound zombies
  A hound skeleton (D:7)
  A worker ant zombie (D:5)
  7 gnolls
  10 adders
  A howler monkey skeleton (D:5)
  A river rat (D:6)
  4 shadow imps
  3 oozes
  2 adder zombies
  An adder skeleton (D:8)
  4 worms
  3 dart slugs (D:1)
  2 leopard geckos
  45 orcs
  2 ball pythons (Sewer)
  3 bats
  3 giant cockroaches
  6 goblins
  10 hobgoblins
  A jackal (Sewer)
  12 kobolds
  8 quokkas
  6 frilled lizards
  2 leopard gecko skeletons
  A leopard gecko zombie (D:9)
  8 rats
277 creatures vanquished.

Vanquished Creatures (collateral kills)
  A jelly (D:9)
  An orc (D:6)
2 creatures vanquished.

Vanquished Creatures (others)
  A slave (D:5)
  An ogre (D:5)
  A bullfrog (D:9)
  A bullfrog skeleton (D:4)
  A centaur skeleton (D:4)
  A gnoll (D:4)
  A worm (D:5)
  An orc (D:5)
8 creatures vanquished.

Grand Total: 287 creatures vanquished

Notes
Turn   | Place    | Note
-------+----------+-------------------------------------------
     0 | D:1      | Aviak the Gargoyle Ice Elementalist began the quest for the
                  | Orb.
     0 | D:1      | Reached XP level 1. HP: 10/10 MP: 3/3
   133 | D:1      | Reached skill level 1 in Fighting
   133 | D:1      | Reached XP level 2. HP: 16/16 MP: 1/5
   134 | D:1      | Found a burning altar of Makhleb.
   711 | D:1      | Reached XP level 3. HP: 20/21 MP: 4/6
  1057 | D:2      | Reached skill level 2 in Fighting
  1570 | D:2      | Reached skill level 1 in Maces & Flails
  2125 | D:2      | Reached XP level 4. HP: 26/26 MP: 7/7
  2335 | D:3      | Found a sacrificial altar of Ru.
  2428 | D:3      | Noticed Jessica
  2431 | D:3      | Killed Jessica
  3219 | D:3      | Reached XP level 5. HP: 15/32 MP: 8/8
  3495 | D:4      | Reached skill level 3 in Fighting
  3504 | D:4      | Found a large runed translucent door.
  3505 | D:4      | Found a large runed translucent door.
  3508 | D:4      | Found a large runed translucent door.
  3508 | D:4      | Found a large runed translucent door.
  3706 | D:4      | Noticed a centaur
  3710 | D:4      | Killed a centaur
  3710 | D:4      | Reached XP level 6. HP: 29/38 MP: 9/9
  3797 | D:4      | Reached skill level 4 in Fighting
  3918 | D:4      | Got a flickering platinum ring
  3982 | D:4      | Reached XP level 7. HP: 25/44 MP: 10/10
  4523 | D:4      | Cast into level 2 of the Abyss (a distortion unwield)
  4562 | D:4      | Escaped the Abyss
  4632 | D:3      | Found a radiant altar of Vehumet.
  4996 | D:3      | Noticed Ijyb
  5018 | D:3      | Killed Ijyb
  5406 | D:4      | Reached skill level 5 in Fighting
  5617 | D:5      | Entered Level 5 of the Dungeon
  5667 | D:5      | Reached XP level 8. HP: 20/50 MP: 11/11
  5731 | D:5      | Found a staircase to the Ecumenical Temple.
  5731 | D:5      | Noticed Pikel
  5736 | D:5      | Killed Pikel
  5736 | D:5      | Reached skill level 6 in Fighting
  5736 | D:5      | Reached skill level 5 in Maces & Flails
  5736 | D:5      | Reached skill level 5 in Dodging
  5763 | Temple   | Entered the Ecumenical Temple
  5996 | Temple   | Became a worshipper of Zin the Law-Giver
  5996 | Temple   | Reached * piety under Zin
  6352 | D:5      | Reached skill level 1 in Invocations
  6352 | D:5      | Reached XP level 9. HP: 36/56 MP: 12/12
  6508 | D:5      | Found a basalt altar of Yredelemnul.
  6591 | D:5      | Found a shimmering altar of Xom.
  6591 | D:5      | Noticed Prince Ribbit
  6604 | D:5      | Reached ** piety under Zin
  6604 | D:5      | Reached skill level 7 in Fighting
  6739 | D:5      | Noticed Sigmund
  6740 | D:5      | Found a sacrificial altar of Ru.
  6749 | D:5      | Killed Sigmund
  6833 | D:5      | Identified the ring "Fevveir" {+Fly rN++ Str-5 Int+9 Dex-2}
                  | (You found it on level 4 of the Dungeon)
  6911 | D:5      | Killed Prince Ribbit
  7144 | D:6      | Found an iron altar of Okawaru.
  7209 | D:6      | Found a glowing drain.
  7248 | Sewer    | Entered a sewer
  7721 | D:6      | Found a hide-covered altar of Uskayaw.
  7738 | D:6      | Noticed Grinder
  7741 | D:6      | Paralysed by Grinder for 6 turns
  7752 | D:6      | Killed Grinder
  7921 | D:6      | Found a runed translucent door.
  7922 | D:6      | Found a runed translucent door.
  8194 | D:6      | Reached *** piety under Zin
  8301 | D:7      | Reached skill level 8 in Fighting
  8716 | D:7      | Reached XP level 10. HP: 64/64 MP: 13/13
  8724 | D:7      | Found a shadowy altar of Dithmenos.
  8730 | D:7      | You fall into a shaft and drop 3 floors!
  8730 | D:10     | Entered Level 10 of the Dungeon
  9172 | D:10     | Reached skill level 1 in Armour
  9368 | D:9      | Gained mutation: You are partially covered in iridescent
                  | scales. (AC +2) [potion of mutation]
  9369 | D:9      | HP: 2/65 [killer bee (7)]
  9731 | D:9      | Found a snail-covered altar of Cheibriados.
  9747 | D:8      | Reached skill level 5 in Invocations
 10080 | D:8      | Reached **** piety under Zin
 10180 | D:8      | Found a staircase to the Lair.
 10501 | D:8      | Reached skill level 9 in Fighting
 10910 | D:9      | Noticed a two-headed ogre
 11056 | D:9      | Killed a two-headed ogre
 11323 | D:9      | Noticed a two-headed ogre
 11346 | D:9      | Killed a two-headed ogre
 11346 | D:9      | Reached XP level 11. HP: 9/71 MP: 13/15
 11643 | D:9      | Identified the +7 scimitar of Theory {speed, rElec}
 11706 | D:9      | Noticed a cyclops
 12140 | D:9      | Killed a cyclops
 12287 | D:9      | Noticed a white ugly thing
 12297 | D:9      | Killed a white ugly thing
 12297 | D:9      | Reached skill level 5 in Armour
 12316 | D:9      | Noticed a five-headed hydra
 12507 | D:9      | Found an opulent altar of Gozag.
 12873 | D:9      | Found a shimmering altar of Xom.
 12879 | D:9      | Found a burning altar of Makhleb.
 12913 | D:9      | Killed a five-headed hydra
 12913 | D:9      | Reached skill level 10 in Fighting
 13572 | D:9      | Identified the +5 fire dragon scales of Articulation {rElec
                  | rF++ rC- rN+ Dex+3}
 13573 | D:9      | Paralysed by a crimson imp for 7 turns
 13589 | D:9      | Paralysed by a crimson imp for 4 turns
 13600 | D:9      | Paralysed by a crimson imp for 7 turns
 13711 | D:10     | Reached ***** piety under Zin
 14367 | D:10     | Found Kogg's Distillery.
 14372 | D:10     | Bought a potion of curing for 33 gold pieces
 14372 | D:10     | Bought a potion of curing for 33 gold pieces
 14372 | D:10     | Bought a potion of curing for 33 gold pieces
 14372 | D:10     | Bought a potion of heal wounds for 55 gold pieces
 14372 | D:10     | Bought a potion of agility for 44 gold pieces
 14372 | D:10     | Bought a potion of haste for 110 gold pieces
 14372 | D:10     | Bought a potion of might for 44 gold pieces
 14734 | D:11     | Noticed Josephine
 14784 | D:11     | Killed Josephine
 15188 | D:11     | Noticed Fannar
 15232 | D:11     | HP: 1/73 [Fannar/bolt of cold (20)]
 15240 | D:11     | Killed from afar by Fannar

Levels and vault maps discovered:
D:1:      shiori_arrival_oz, layout_basic, hangedman_decor_peaks_small,
          hangedman_abyss_or_decor_lesser_grid, minmay_hexomino_r4
D:2:      layout_loops_ring, roderic_serpentine_path, skrybe_limestone_x
D:3:      layout_basic, vehumet_crystals, lemuel_crystal_altar, first_ration,
          uniq_ijyb, uniq_jessica
D:4:      layout_gridville, minivault_25, minmay_misc_feat_room,
          minmay_hollow_rounded_squares
D:5:      layout_loops_ring, lemuel_crystal_altar,
          nicolae_overflow_hidden_temple, minmay_temple_entry_large_hall,
          nicolae_ru_awakened_eye, uniq_prince_ribbit1, uniq_sigmund, uniq_pikel
D:6:      lemuel_insect_pit, layout_loops_ring, okawaru_gym_becter, basic_altar,
          cheibrodos_sewer_entry_sluice, uniq_grinder
D:7:      layout_rooms, nicolae_dithmenos_through_a_glass_darkly
D:8:      layout_rooms, erik_lair_orcish_takeover
D:9:      minmay_the_grid_octo_2x2 [minmay_the_grid_octo_thin_diamonds,
          minmay_the_grid_octo_teeth, minmay_the_grid_octo_vomiting_pacman,
          minmay_the_grid_octo_prize_big_c], layout_rooms,
          overflow_temple_1_default, nicolae_overflow_crystal_walls,
          serial_corexii_hall, corexii_hall_statues_i, corexii_hall_statues_i,
          chequers_hall_statues_y, corexii_hall_statues_deadend,
          hangedman_pestilent_swarm, kennysheep_generic_room_13
D:10:     layout_basic, serial_shops, shop, kennysheep_generic_room_4
D:11:     layout_stronghold, minmay_checkerbox, uniq_fannar, uniq_josephine
Temple:   eino_temple_water

Skill      XL: |  1  2  3  4  5  6  7  8  9 10 11 |
---------------+----------------------------------+-----
Fighting       | 1 2 3 4 5 6 8 9 10 | 10.7
Dodging        | 2 3 4 5 6 |  6.6
Maces & Flails | 1 2 3 4 6 7 8 9 |  9.7
Invocations    | 1 4 6 8 |  8.1
Armour         | 4 6 |  6.7
Stealth        | |  2.1
Shields        | |  0.3
Spellcasting   | |  2.0
Conjurations   | |  1.1
Ice Magic      | |  3.0

Action                   |  1- 3 |  4- 6 |  7- 9 | 10-12 || total
-------------------------+-------+-------+-------+-------++-------
Melee: Unarmed           |     8 |       |       |       ||     8
       Hand axe          |    11 |       |       |       ||    11
       Mace              |    84 |    76 |       |       ||   160
       Flail             |       |    73 |    44 |       ||   117
       Morningstar       |       |       |   473 |   724 ||  1197
 Cast: Freeze            |    18 |       |       |       ||    18
Invok: Vitalisation      |       |       |     2 |    13 ||    15
       Recite            |       |       |       |     6 ||     6
Evoke: Wand              |       |       |    20 |     8 ||    28
       Fan of gales      |       |       |       |     1 ||     1
  Use: Scroll            |     1 |       |     8 |     8 ||    17
       Potion            |     1 |     2 |     8 |    10 ||    21
 Stab: Sleeping          |     1 |       |     1 |     2 ||     4
       Invisible         |       |       |       |     2 ||     2
       Confused          |       |       |       |     2 ||     2
  Eat: Chunk             |     4 |     3 |     3 |     9 ||    19
       Ration            |       |     1 |     4 |     4 ||     9
Armor: Robe              |     2 |       |       |       ||     2
       Leather armour    |    10 |       |       |       ||    10
       Ring mail         |    34 |    74 |   247 |   202 ||   557
       Skin              |     7 |    14 |       |       ||    21
       Plate armour      |       |       |       |   219 ||   219
Dodge: Dodged            |    61 |   100 |   328 |   472 ||   961
Block: Other             |       |       |    31 |    86 ||   117
       Reflection        |       |       |     1 |     1 ||     2
       Shield            |       |       |       |    33 ||    33
